 Dungeon Crawl Stone Soup version 0.30.0-29-ga12c61a403 (webtiles) character file.

Game seed: 8423114786896456582

1648 belegose the Vexing (level 8, 0/58 HPs)
             Began as a Demonspawn Hexslinger on June 10, 2023.
             Was a Priest of Uskayaw.
             Killed from afar by a steam dragon (13 damage)
             ... with a ball of steam
             ... on level 6 of the Dungeon.
             The game lasted 00:25:55 (5771 turns).

belegose the Vexing (Demonspawn Hexslinger)         Turns: 5771, Time: 00:25:55

Health: 0/58       AC:  3    Str: 11    XL:     8   Next: 67%
Magic:  12/12      EV: 17    Int: 17    God:    Uskayaw [***...]
Gold:   262        SH:  5    Dex: 15    Spells: 12/13 levels left

rFire   . . .        c - +6 spear "Ruanluic" {heavy, Will+ Dex+2}
rCold   . . .        g - +0 buckler
rNeg    . . .        D - +0 robe
rPois   .            (helmet restricted)
rElec   .            (no cloak)
rCorr   .            d - +0 pair of gloves
SInv    .            (no boots)
Will    +....        z - amulet of the acrobat
Stlth   +            k - +5 ring of evasion
HPRegen 0.29/turn    l - ring of flight
MPRegen 0.13/turn

%: acrobat
@: marked, flying
A: horns 1, powered by death 1, powered by pain 2
a: Renounce Religion, Stomp, Line Pass


You were on level 6 of the Dungeon.
You worshipped Uskayaw.
Uskayaw was noncommittal.
You visited 1 branch of the dungeon, and saw 6 of its levels.
You also visited: Sewer.

You collected 262 gold pieces.

Inventory:

Hand Weapons
 a - a +1 sling
 b - a +2 dagger of electrocution
 c - the +6 spear "Ruanluic" (weapon) {heavy, Will+ Dex+2}
   (You found it on level 3 of the Dungeon)

   Dex:       It affects your dexterity (+2).
   Will:      It increases your willpower.
 F - a +0 rapier of venom
Armour
 d - a +0 pair of gloves (worn)
 g - a +0 buckler (worn)
 j - a +0 ring mail
 D - a +0 robe (worn)
Jewellery
 k - a +5 ring of evasion (left hand)
 l - a ring of flight (right hand)
 z - an amulet of the acrobat (around neck)
Wands
 p - a wand of mindburst (1)
 I - a wand of charming (2)
 J - a wand of polymorph (7)
Scrolls
 f - 2 scrolls of poison
 h - 2 scrolls of magic mapping {unknown}
 i - 3 scrolls of teleportation
 n - 2 scrolls of enchant armour {unknown}
 q - 2 scrolls of summoning {unknown}
 r - 2 scrolls of enchant weapon {unknown}
 t - 2 scrolls of fear {unknown}
 v - a scroll of fog {unknown}
 x - a scroll of immolation {unknown}
 y - 2 scrolls of brand weapon {unknown}
 A - a scroll of blinking {unknown}
 H - a scroll of identify {unknown}
Potions
 e - a potion of attraction {unknown}
 m - a potion of flight {unknown}
 o - a potion of brilliance {unknown}
 s - 2 potions of curing
 u - 2 potions of magic {unknown}
 w - a potion of ambrosia {unknown}
 B - a potion of resistance {unknown}
 C - a potion of cancellation {unknown}
 E - a potion of mutation {unknown}


   Skills:
 - Level 3.0 Fighting
 + Level 2.6 Short Blades
 - Level 3.0 Polearms
 - Level 4.0 Ranged Weapons
 + Level 3.4 Dodging
 - Level 4.0 Shields
 - Level 3.0 Spellcasting
 - Level 4.0 Hexes
 + Level 2.8 Invocations
 - Level 4.0 Evocations


You had 12 spell levels left.
You knew the following spells:

 Your Spells              Type           Power      Damage    Failure   Level
a - Slow                  Hex            64%        N/A       4%          1

Your spell library contained the following spells:

 Spells                   Type           Power      Damage    Failure   Level
 Apportation              Tloc           4%         N/A       24%         1
 Inner Flame              Hex/Fire       9%         N/A       32%         3
 Portal Projectile        Hex/Tloc       18%        N/A       32%         3
 Cause Fear               Hex            8%         N/A       43%         4
 Gell's Gravitas          Tloc           2%         N/A       58%         3
 Ozocubu's Armour         Ice            2%         N/A       58%         3
 Teleport Other           Tloc           2%         N/A       58%         3
 Alistair's Intoxication  Tmut/Pois      1%         N/A       100%        5
 Dispersal                Tloc           1%         N/A       100%        6
 Ozocubu's Refrigeration  Ice            1%         4d7       100%        7


Dungeon Overview and Level Annotations

Branches:
Dungeon (6/15)              Sewer (visited)
 Temple: D:4-7

Altars:
Makhleb
Uskayaw
Xom
Yredelemnul

Shops:
D:3 *

Annotations:
D:6 Maggie


Innate Abilities, Weirdness & Mutations

You have a pair of small horns on your head.
You regenerate a little health from kills.
You sometimes gain power by taking damage.


Message History

You reach to attack!
You hit the wight.
The wight is moderately damaged.
The wight hits you from afar with a +0 spear!
You feel drained. You block the wight's attack.
You reach to attack!
You hit the wight.
The wight is heavily damaged.
The wight misses you.
Uskayaw will force your foes to helplessly watch your dance.
Uskayaw prepares the audience for your solo!
You reach to attack!
The helpless wight fails to defend itself.
You puncture the wight!
You destroy the wight!
The wight is no longer paralysed. x2
An orc comes into view. It is wielding a +0 whip.
Your life force feels restored.
An orc comes into view. It is wielding a +0 trident.
An orc wizard comes into view. It is wielding a +2 dagger of speed.
An orc comes into view. It is wielding a +0 flail.
The orc wizard hits you with a +2 dagger of speed.
Aiming: Charm
Press: ? - help, Shift-Dir - straight line, f - wight
Aim: a wight, wielding a +3 great sword and wearing a +0 robe (chance to affect: 59%)
The wight resists with significant effort.
The orc wizard closely misses you.
The wight hits you with a +3 great sword!!
* * * LOW HITPOINT WARNING * * *
The orc wizard casts a spell.
The orc wizard flickers and vanishes!
Deactivating autopickup; reactivate with Ctrl-A.
Unknown command.
Aiming: Charm
Press: ? - help, Shift-Dir - straight line, f/p - wight
Aim: a wight, wielding a +3 great sword and wearing a +0 robe (chance to affect: 59%)
The wight is charmed.
The steam dragon breathes steam at you. The ball of steam hits your wight!
Your wight is destroyed!
The ball of steam hits you!
You die...

#...........#
...........
......... #.
....... ######..
..... #....... .o.
#......# #{#
#......# ##@#
#......# #.§#
#......###D######
#......).>o...o.o.
#......###########
#......##########
#...............#
#.....$.........#
##+###....†.....#


You could see a steam dragon (catching breath) and 2 orcs.

Vanquished Creatures
  Grinder (D:4)
  Eustachio (D:5)
  Edmund (D:4)
  Pargi (Sewer)
  An ice beast (D:5)
  A centaur (D:5)
  Blork the orc (D:5)
  2 bullfrogs (D:6)
  A scorpion (D:5)
  A wight (D:6)
  A howler monkey (D:5)
  Crazy Yiuf (D:5)
  A jelly (D:5)
  2 orc priests (D:3)
  3 hounds (D:5)
  Jessica (D:2)
  4 orc wizards
  4 gnolls
  10 adders
  A shadow imp (D:6)
  3 dart slugs
  16 orcs
  9 ball pythons
  6 bats
  3 endoplasms
  A giant cockroach (D:3)
  8 goblins
  6 hobgoblins
  10 jackals
  5 quokkas
  6 frilled lizards
  7 kobolds
  7 rats
126 creatures vanquished.

Vanquished Creatures (others)
  A wight (D:6)
1 creature vanquished.

Grand Total: 127 creatures vanquished

Notes
Turn   | Place    | Note
-------+----------+-------------------------------------------
     0 | D:1      | belegose the Demonspawn Hexslinger began the quest for the
                  | Orb.
     0 | D:1      | Reached XP level 1. HP: 15/15 MP: 2/2
   154 | D:1      | Gained mutation: You sometimes gain a little power by
                  | taking damage. [demonic ancestry]
   154 | D:1      | Reached XP level 2. HP: 21/21 MP: 3/3
   829 | D:2      | Found a faded altar of an unknown god.
   892 | D:2      | Gained mutation: You regenerate a little health from kills.
                  | [demonic ancestry]
   892 | D:2      | Reached XP level 3. HP: 26/26 MP: 5/5
  1311 | D:2      | Noticed Jessica
  1484 | D:2      | Killed Jessica
  1485 | D:2      | Gained mutation: You sometimes gain power by taking damage.
                  | [demonic ancestry]
  1485 | D:2      | Reached XP level 4. HP: 33/33 MP: 4/6
  2054 | D:3      | You are sucked into a shaft and drop 1 floor!
  2068 | D:4      | Reached XP level 5. HP: 39/39 MP: 8/8
  2155 | D:4      | Noticed Edmund
  2246 | D:4      | Noticed Grinder
  2246 | D:4      | Paralysed by Grinder for 3 turns
  2253 | D:4      | Killed Grinder
  2254 | D:4      | Reached XP level 6. HP: 40/47 MP: 8/10
  2287 | D:4      | Found a glowing drain.
  2317 | D:4      | Reached skill level 1 in Evocations
  2326 | Sewer    | Entered a sewer
  2384 | Sewer    | Noticed Pargi
  2425 | Sewer    | Killed Pargi
  2899 | D:3      | Reached XP level 7. HP: 43/52 MP: 11/11
  3122 | D:3      | Identified the +6 spear "Ruanluic" {heavy, Will+ Dex+2}
  3358 | D:3      | Found Zuzeimn's Assorted Antiques.
  3482 | D:3      | Reached skill level 1 in Shields
  3617 | D:3      | Reached skill level 1 in Polearms
  3684 | D:4      | Found a basalt altar of Yredelemnul.
  3758 | D:4      | Killed Edmund
  4397 | D:5      | Entered Level 5 of the Dungeon
  4569 | D:5      | Found a runed translucent door.
  4570 | D:5      | Noticed Crazy Yiuf
  4590 | D:5      | Killed Crazy Yiuf
  4714 | D:5      | Noticed Blork the orc
  4714 | D:5      | Noticed Eustachio
  4865 | D:5      | Gained mutation: You have a pair of small horns on your
                  | head. [demonic ancestry]
  4865 | D:5      | Reached XP level 8. HP: 57/58 MP: 12/12
  5186 | D:5      | Killed Blork the orc
  5252 | D:5      | Reached skill level 1 in Short Blades
  5392 | D:5      | Found a burning altar of Makhleb.
  5393 | D:5      | Found a hide-covered altar of Uskayaw.
  5399 | D:5      | Became a worshipper of Uskayaw the Reveller
  5444 | D:5      | Reached * piety under Uskayaw
  5446 | D:5      | Killed Eustachio
  5447 | D:5      | Reached skill level 1 in Invocations
  5695 | D:6      | Noticed Maggie
  5705 | D:6      | Found a shimmering altar of Xom.
  5713 | D:6      | Reached ** piety under Uskayaw
  5765 | D:6      | Reached *** piety under Uskayaw
  5771 | D:6      | Killed from afar by a steam dragon

Illustrated notes

Levels and vault maps discovered:
D:1:      dpeg_arrival_court, layout_loops_ring
D:2:      layout_rooms, nicolae_ecumenical_oubliette,
          chequers_serial_rivers_small_a, minmay_pentomino_p2, uniq_jessica
D:3:      layout_basic, serial_shops, nicolae_shop_overgrown_old_shop,
          glass_columns_b
D:4:      layout_basic, kennysheep_mini, elyvilon_altar_1,
          gup_sewer_entry_glass, uniq_edmund, uniq_grinder
D:5:      layout_loops_ring, gammafunk_temple_overflow_wave,
          palyth_stone_intersect, uniq_crazy_yiuf_cottage, uniq_blork_the_orc,
          uniq_eustachio
D:6:      layout_basic, lemuel_doored_altar, overflow_temple_1_default,
          kennysheep_generic_room_7, uniq_maggie, uniq_duvessa, uniq_pikel

Skill      XL: |  1  2  3  4  5  6  7  8 |
---------------+-------------------------+-----
Ranged Weapons | 2 4 |  4.0
Fighting       | 2 3 |  3.0
Spellcasting   | 2 3 |  3.0
Hexes          | 4 |  4.0
Evocations     | 3 4 |  4.0
Shields        | 3 4 |  4.0
Polearms       | 2 3 |  3.0
Dodging        | 3 |  3.4
Short Blades   | 2 |  2.6
Invocations    | 2 |  2.8

Action                     |  1- 3 |  4- 6 |  7- 9 || total
---------------------------+-------+-------+-------++-------
  Melee: Dagger            |     7 |    49 |    10 ||    66
         Punch             |       |     1 |     1 ||     2
         Spear             |       |       |    85 ||    85
         Rapier            |       |       |    41 ||    41
         Headbutt          |       |       |     5 ||     5
   Fire: Sling             |   100 |   136 |    59 ||   295
   Cast: Slow              |     1 |     6 |    25 ||    32
  Evoke: Wand              |     3 |     7 |    15 ||    25
    Use: Scroll            |       |       |     2 ||     2
         Potion            |       |       |     2 ||     2
   Stab: Sleeping          |       |       |     1 ||     1
         Paralysed         |       |       |     1 ||     1
 Armour: Robe              |    10 |    16 |    22 ||    48
  Dodge: Dodged            |    35 |    72 |   111 ||   218
  Block: Buckler           |       |       |    29 ||    29
